 Dungeon Crawl Stone Soup version 0.22.0-5-gf09313c (webtiles) character file.

966 Gergoth the Magician (level 7, -4/36 HPs)
             Began as a Deep Elf Fire Elementalist on Aug 13, 2018.
             Was a Follower of Sif Muna.
             Slain by a wight
             ... wielding a +2 great sword of electrocution
              (9 damage)
             ... on level 5 of the Dungeon.
             The game lasted 00:13:20 (5458 turns).

Gergoth the Magician (Deep Elf Fire Elementalist)   Turns: 5458, Time: 00:13:21

Health: -4/36      AC:  3    Str:  6    XL:     7   Next: 93%
Magic:  27/27      EV: 14    Int: 21    God:    Sif Muna [*.....]
Gold:   249        SH:  0    Dex: 15    Spells: 2/18 levels left

rFire    . . .     SeeInvis .   b - +1 spear (pierce)
rCold    . . .     Gourm    .   (no shield)
rNeg     . . .     Faith    .   a - +0 robe
rPois    .         Spirit   .   l - +0 helmet
rElec    .         Reflect  .   (no cloak)
rCorr    .         Harm     .   (no gloves)
MR       .....                  (no boots)
Stlth    ++++......             q - amulet of regeneration
HPRegen  0.52/turn              p - ring of magical power
MPRegen  0.20/turn              j - ring of stealth

@: drained
A: no striking features
a: Divine Energy, Renounce Religion


You were on level 5 of the Dungeon.
You worshipped Sif Muna.
Sif Muna was aware of your devotion.
You were not hungry.

You visited 1 branch of the dungeon, and saw 6 of its levels.

You collected 249 gold pieces.

Inventory:

Hand Weapons
 b - a +1 spear of piercing (weapon)
Missiles
 i - a throwing net (quivered)
Armour
 a - a +0 robe (worn)
 l - a +0 helmet (worn)
Jewellery
 e - an uncursed ring of fire
 j - a ring of stealth (right hand)
 k - a +5 amulet of reflection
 p - a ring of magical power (left hand)
 q - an amulet of regeneration (around neck)
 r - an uncursed amulet of faith
Wands
 f - a wand of polymorph (8)
Scrolls
 d - 2 scrolls of remove curse
 g - a scroll of amnesia {unknown}
 m - a scroll of magic mapping {unknown}
 o - 2 scrolls of teleportation {unknown}
 s - a scroll of noise {unknown}
 t - a scroll of fear {unknown}
 x - a scroll of blinking {unknown}
Potions
 h - a potion of brilliance {unknown}
 n - 2 potions of mutation {unknown}
 w - 2 potions of heal wounds {unknown}
Comestibles
 c - 10 rations


   Skills:
 - Level 4.0(3.6) Dodging
 - Level 5.0(4.6) Stealth
 - Level 6.2(5.8) Spellcasting
 + Level 5.2(4.8) Conjurations
 + Level 2.5(2.1) Hexes
 - Level 5.6(5.2) Fire Magic


You had 2 spell levels left.
You knew the following spells:

 Your Spells              Type           Power        Failure   Level  Hunger
a - Flame Tongue          Conj/Fire      ####.        1%          1    None
b - Conjure Flame         Conj/Fire      ####....     3%          3    ##.....
c - Sticky Flame          Conj/Fire      ####....     12%         4    ####...
d - Fireball              Conj/Fire      ####......   34%         5    #####..
e - Tukima's Dance        Hex            ###.....     12%         3    ##.....

Your spell library contained the following spells:

 Spells                   Type           Power        Failure   Level  Hunger
 Confuse                  Hex            ###.....     12%         3    ##.....
 Throw Flame              Conj/Fire      ####..       1%          2    None
 Ensorcelled Hibernation  Hex/Ice        ##....       10%         2    None
 Corona                   Hex            ###....      4%          1    None
 Inner Flame              Hex/Fire       ###.....     7%          3    ##.....
 Dazzling Spray           Conj/Hex       ###...       7%          3    ##.....


Dungeon Overview and Level Annotations

Branches:
Dungeon (6/15)
 Temple: D:4-7

Altars:
Elyvilon
Kikubaaqudgha
Qazlal
Ru
Sif Muna
Xom
The Shining One


Message History

an enchanted war axe; a robe You start resting.
Magic restored.
You eat one of the 11 rations.
That ration really hit the spot!
Things that are here:
an enchanted war axe; a robe
There is a stone staircase leading down here.
You climb downwards.
The hound skeleton bites you. The wight misses you.
The hound skeleton completely misses you.
There is a stone staircase leading up here.
The hound skeleton bites you but does no damage.
You climb upwards.
There is a stone staircase leading down here.
Unknown command.
The wight hits you with an enchanted halberd!
You feel drained.
The wight hits you with a great sword of electrocution!
* * * LOW HITPOINT WARNING * * *
You are electrocuted!
You die...

#########....##
# ###...### ###
#.....####..
##..........
#.....###..
##...### ###
########...##
##>z.........#
#.z@.......<.#
#..#######...##
#.## ##...# #.#
##..### #.##
##...#### ##.##
#..(.... #..#
######## ##.###
##..#


You could see 2 wights.

Vanquished Creatures
  Sigmund (D:3)
  Edmund (D:4)
  An ogre (D:4)
  Blork the orc (D:5)
  A water moccasin skeleton (D:5)
  A scorpion (D:4)
  A wight (D:5)
  3 crimson imps
  2 orc wizards
  3 worker ants
  8 adders
  2 shadow imps (D:5)
  2 worms
  A dart slug (D:3)
  2 leopard geckos
  9 orcs
  5 giant cockroaches
  7 hobgoblins
  2 jackals (D:3)
  8 kobolds
  3 quokkas
  A ball python (D:3)
  A ball python skeleton (D:4)
  6 bats
  4 frilled lizards
  7 goblins
  A quokka skeleton (D:4)
  10 rats
94 creatures vanquished.

Notes
Turn   | Place    | Note
-------+----------+-------------------------------------------
     0 | D:1      | Gergoth the Deep Elf Fire Elementalist began the quest for the Orb.
     0 | D:1      | Reached XP level 1. HP: 10/10 MP: 6/6
   190 | D:1      | Reached XP level 2. HP: 15/15 MP: 4/8
   876 | D:2      | Reached XP level 3. HP: 16/19 MP: 9/9
   975 | D:2      | Learned a level 3 spell: Conjure Flame
  1224 | D:2      | Found a stormy altar of Qazlal.
  1225 | D:2      | Found a shimmering altar of Xom.
  1227 | D:2      | Found a glowing golden altar of the Shining One.
  1387 | D:2      | Reached XP level 4. HP: 19/24 MP: 11/11
  1397 | D:2      | Found a white marble altar of Elyvilon.
  1516 | D:3      | Noticed Sigmund
  1531 | D:3      | Learned a level 4 spell: Sticky Flame
  1805 | D:3      | Found a sacrificial altar of Ru.
  1817 | D:3      | Reached skill level 4 in Spellcasting
  2152 | D:4      | Noticed Edmund
  2215 | D:4      | Reached XP level 5. HP: 27/28 MP: 7/13
  2556 | D:4      | Noticed an ogre
  2565 | D:4      | Killed an ogre
  2565 | D:4      | Reached XP level 6. HP: 32/32 MP: 3/14
  2959 | D:4      | Found a deep blue altar of Sif Muna.
  2962 | D:4      | Became a worshipper of Sif Muna the Loreminder
  3200 | D:5      | Entered Level 5 of the Dungeon
  3269 | D:5      | Noticed Blork the orc
  3277 | D:5      | Killed Blork the orc
  3277 | D:5      | Reached skill level 5 in Spellcasting
  3381 | D:5      | Reached skill level 5 in Stealth
  3381 | D:5      | Reached skill level 5 in Fire Magic
  3381 | D:5      | Reached XP level 7. HP: 33/36 MP: 10/17
  3638 | D:5      | Found an ancient bone altar of Kikubaaqudgha.
  4083 | D:5      | Learned a level 5 spell: Fireball
  4676 | D:3      | Killed Sigmund
  4676 | D:3      | Reached skill level 6 in Spellcasting
  4772 | D:3      | Reached * piety under Sif Muna
  4813 | D:3      | Learned a level 3 spell: Tukima's Dance
  5340 | D:4      | Killed Edmund
  5340 | D:4      | Reached skill level 5 in Conjurations
  5458 | D:5      | Slain by a wight

Skill      XL: |  1  2  3  4  5  6  7 |
---------------+----------------------+-----
Dodging        | 3 4 |  4.0
Stealth        | 3 4 5 |  5.0
Conjurations   | 2 3 5 |  5.2
Fire Magic     | 4 5 |  5.6
Spellcasting   | 4 5 6 |  6.2
Hexes          | 2 |  2.5

Action                   |  1- 3 |  4- 6 |  7- 9 || total
-------------------------+-------+-------+-------++-------
Melee: Spear             |    43 |    37 |    99 ||   179
 Cast: Flame Tongue      |    49 |    77 |    21 ||   147
       Conjure Flame     |     2 |     4 |       ||     6
       Sticky Flame      |       |     4 |     5 ||     9
       Tukima's Dance    |       |       |     1 ||     1
  Use: Scroll            |       |       |     6 ||     6
 Stab: Sleeping          |     2 |     5 |     2 ||     9
  Eat: Chunk             |     1 |     7 |     6 ||    14
       Ration            |       |       |     1 ||     1
Armor: Robe              |     4 |     9 |    19 ||    32
Dodge: Dodged            |    28 |    38 |    69 ||   135
